 Dungeon Crawl Stone Soup version 0.30-a0-937-ga0a21ad780 (webtiles) character file.

Game seed: 1816238076250749010

1209 MachoJfn the Magician (level 8, -4/81 HPs)
             Began as a Djinni Ice Elementalist on Mar 24, 2023.
             Was a Follower of Uskayaw.
             Slain by a wight
             ... wielding a +0 spear
              (7 damage)
             ... on level 5 of the Dungeon.
             The game lasted 00:25:28 (4671 turns).

MachoJfn the Magician (Djinni Ice Elementalist)     Turns: 4671, Time: 00:25:29

Health: -4/81      AC: 24    Str:  7    XL:     8   Next: 74%
Gold:   224        EV:  2    Int: 26    God:    Uskayaw [*.....] SH:  0 Dex: 13

rFire   . . .      SeeInvis .    r - +1 dagger (elec)
rCold   . . .      Faith    .    (no shield)
rNeg    . . .      Spirit   .    a - melded +0 robe
rPois   ∞          Reflect  .    (helmet currently unavailable)
rElec   .          Rampage  .    (cloak currently unavailable)
rCorr   .          NoTele   +    (gloves currently unavailable)
Will    .....                    (boots unavailable)
Stlth   ++                       (no amulet)
HPRegen 0.33/turn                j - +6 ring of intelligence
MPRegen 0.00/turn                p - ring of wizardry

@: tree-form
A: stationary, stasis, torment immunity, boosted hp, sickness immunity, (fire
resistance 2), (cold vulnerability 1), float, innate caster, HP casting, extra
vitality 1
a: Renounce Religion, Stomp


You were on level 5 of the Dungeon.
You worshipped Uskayaw.
Uskayaw was noncommittal.
You were a tree.
You visited 2 branches of the dungeon, and saw 6 of its levels.

You collected 224 gold pieces.

Inventory:

Hand Weapons
 r - a +1 dagger of electrocution (weapon)
Missiles
 b - 54 stones
 m - 8 poisoned darts
Armour
 a - a +0 robe (melded)
Magical Staves
 g - a staff of death
Jewellery
 d - a ring of fire
 j - a +6 ring of intelligence (left branch)
 l - a +4 ring of slaying
 p - a ring of wizardry (right branch)
 t - a +5 ring of evasion
Scrolls
 e - a scroll of fog
 f - 2 scrolls of noise
 i - a scroll of magic mapping
 n - 2 scrolls of teleportation
 u - 2 scrolls of immolation {unknown}
Potions
 c - 2 potions of magic
 h - a potion of cancellation {unknown}
 k - a potion of haste
 q - a potion of degeneration {unknown}
 s - a potion of might {unknown}


   Skills:
 + Level 1.9 Fighting
 + Level 1.8 Short Blades
 + Level 3.1 Dodging
 + Level 3.2 Stealth
 + Level 7.3 Spellcasting


You knew the following spells:

 Your Spells              Type           Power      Damage    Failure   Level
a - Freeze                Ice            100%       1d10      1%          1
b - Frozen Ramparts       Ice            94%        1d15      1%          3
c - Ozocubu's Armour      Ice            47%        N/A       1%          3
d - Summon Ice Beast      Ice/Summ       47%        N/A       1%          4
e - Kiss of Death         Conj/Necr      100%       2d13      1%          1
f - Scorch                Fire           94%        2d9       1%          2
g - Vhi's Electric Charg  Tloc/Air       94%        N/A       1%          3
Your spell library was empty.

Dungeon Overview and Level Annotations

Branches:
Dungeon (5/15)             Temple (1/1) D:4

Altars:
Dithmenos
Elyvilon
Fedhas
Gozag
Hepliaklqana
Makhleb
Nemelex Xobeh
Okawaru
Qazlal
Ru
Trog
Uskayaw
Wu Jian
Xom
Yredelemnul
Zin

Shops:
D:4 *

Annotations:
D:4 3 runed translucent doors, Vildravn's ghost, novice KoGl
Temple 4 transporters


Innate Abilities, Weirdness & Mutations

You are a tree.
Your roots penetrate the ground, keeping you stationary.
You cannot be teleported.
You are immune to unholy pain and torment.
Your maximum health is greatly increased.
Your equipment is partially melded.
You are immune to sickness and miasma.
You are immune to poison.
((Your flesh is very heat resistant. (rF++)))
((You are vulnerable to cold. (rC-)))
You float through the air rather than walking.
You learn spells naturally, not from books.
Your magical power is your life essence.
You have superior vitality. (+4 MHP)


Message History

The wight is lightly damaged.
The wight is no longer more vulnerable to fire.
The wight completely resists.
The wall freezes the wight but does no damage.
The wight barely misses you.
The wight resists.
The wall freezes the wight.
The wight completely resists.
The wall freezes the wight but does no damage.
A wight comes into view. It is wielding a +5 spear of freezing.
Your frozen ramparts will break if you move.
Continue?
Aiming: Line Pass
Press: ? - help, Dir - move target The wight appears confused. x3
The frozen ramparts melt away as you move.
A wight comes into view. It is wielding a +0 spear.
Found a stone staircase leading down.
You can no longer pass through a line of other dancers.
The wight completely misses the wight.
The wight misses you.
The wight hits you from afar with a +5 spear of freezing.
The wight freezes you.
The wight hits the wight with a +0 mace!
The wight is destroyed!
Casting: Scorch (safe; 1% risk of failure)
Confirm with . or Enter, or press ? or * to list all spells.
Aiming: Freeze (safe; 1% risk of failure)
Press: ? - help, Shift-Dir - straight line, f - wight
Aim: a wight, wielding a +6 flail and wearing a +0 robe (confused)
You freeze the wight.
The wight resists.
The wight is lightly damaged.
The wight seems less confused. x2; The wight closely misses you.
The wight hits you from afar with a +5 spear of freezing!
* * * LOW HITPOINT WARNING * * *
The wight freezes you.
* * * LOW HITPOINT WARNING * * *
You turn into a tree.
Your +0 robe melds into your body.
Your roots penetrate the ground.
The wight hits you but does no damage. The wight hits you with a +6 flail.
* * * LOW HITPOINT WARNING * * *
The wight hits you but does no damage.
The wight hits you from afar with a +0 spear!
You die...

########### #######
..........#######..>....
#########....)zz♣.......
######z.#....... ######
....#.z.##### ......
....... .###
#######......## ##
.........#### #...>#..:
......... .........


You could see 4 wights.

Vanquished Creatures
  A wyvern (D:5)
  A phantom (D:4)
  Blork the orc (D:5)
  3 scorpions (D:5)
  A wight (D:5)
  6 killer bees (D:4)
  A jelly (D:5)
  2 iguanas
  An orc wizard (D:4)
  An adder (D:2)
  A worm (D:2)
  4 orcs
  6 bats
  5 endoplasms
  4 giant cockroaches
  3 hobgoblins
  2 jackals (D:3)
  7 kobolds
  3 quokkas
  10 ball pythons
  3 frilled lizards
  4 goblins
  7 rats
77 creatures vanquished.

Vanquished Creatures (collateral kills)
  Eustachio (D:4)
  A sleepcap (D:3)
  An iguana (D:4)
  2 adders
  3 gnolls (D:4)
  A worm (D:3)
  An orc (D:3)
  2 giant cockroaches
  2 hobgoblins (D:4)
14 creatures vanquished.

Vanquished Creatures (others)
  2 fungi (D:4)
  6 plants
8 creatures vanquished.

Grand Total: 99 creatures vanquished

Notes
Turn   | Place    | Note
-------+----------+-------------------------------------------
     0 | D:1      | MachoJfn the Djinni Ice Elementalist began the quest for
                  | the Orb.
     0 | D:1      | MachoJfn set off with the following spells memorised:
                  | Freeze, Frozen Ramparts, Ozocubu's Armour, Summon Ice
                  | Beast.
     0 | D:1      | Reached XP level 1. HP: 15/15 MP: 0/0
   119 | D:1      | Reached XP level 2. HP: 21/21 MP: 0/0
   501 | D:1      | Reached XP level 3. HP: 18/25 MP: 0/0
   501 | D:1      | Learned a level 1 spell: Kiss of Death
   886 | D:2      | Reached skill level 4 in Spellcasting
   994 | D:2      | Reached XP level 4. HP: 6/31 MP: 0/0
  1600 | D:3      | Found a sacrificial altar of Ru.
  1807 | D:3      | Found a white marble altar of Elyvilon.
  1858 | D:3      | Reached XP level 5. HP: 17/35 MP: 0/0
  1858 | D:3      | Learned a level 2 spell: Scorch
  1990 | D:3      | Found a hide-covered altar of Uskayaw.
  1998 | D:3      | Became a worshipper of Uskayaw the Reveller
  2122 | D:4      | Reached * piety under Uskayaw
  2229 | D:4      | Noticed a phantom
  2261 | D:4      | Killed a phantom
  2262 | D:4      | Reached skill level 5 in Spellcasting
  2262 | D:4      | Reached XP level 6. HP: 19/40 MP: 0/0
  2351 | D:4      | Found an opulent altar of Gozag.
  2385 | D:4      | Noticed Eustachio
  2414 | D:4      | Killed Eustachio
  2414 | D:4      | Reached ** piety under Uskayaw
  2415 | D:4      | Reached skill level 1 in Short Blades
  2415 | D:4      | Reached XP level 7. HP: 17/46 MP: 0/0
  2415 | D:4      | Learned a level 3 spell: Vhi's Electric Charge
  2569 | D:4      | Found Gozag's Platinum Reserve.
  2610 | D:4      | Found a staircase to the Ecumenical Temple.
  2615 | Temple   | Entered the Ecumenical Temple
  2615 | Temple   | Found a transporter.
  2615 | Temple   | Found a transporter.
  2617 | Temple   | Found a transporter.
  2617 | Temple   | Found a transporter.
  2906 | D:4      | Found a runed translucent gate.
  2907 | D:4      | Found a runed translucent gate.
  2907 | D:4      | Found a runed translucent gate.
  2907 | D:4      | Noticed Vildravn's ghost (novice KoGl)
  3346 | D:4      | Reached *** piety under Uskayaw
  3348 | D:4      | Reached skill level 1 in Fighting
  3348 | D:4      | Reached skill level 6 in Spellcasting
  3348 | D:4      | Reached **** piety under Uskayaw
  3858 | D:5      | Entered Level 5 of the Dungeon
  3868 | D:4      | Reached XP level 8. HP: 36/52 MP: 0/0
  4402 | D:5      | Found a basalt altar of Yredelemnul.
  4415 | D:5      | Noticed Blork the orc
  4423 | D:5      | Killed Blork the orc
  4424 | D:5      | Reached skill level 7 in Spellcasting
  4533 | D:5      | Noticed a wyvern
  4540 | D:5      | Killed a wyvern
  4670 | D:5      | HP: 3/81 [wight/+6 flail (2)]
  4671 | D:5      | Slain by a wight

Illustrated notes

Levels and vault maps discovered:
D:1:      lemuel_arrival_broad_hall, layout_loops_ring
D:2:      layout_basic
D:3:      layout_rooms, nicolae_uskayaw_suspiria, mainiacjoe_overflow_boulevard,
          mainiacjoe_overflow_brackets, grunt_ministairs_2
D:4:      layout_basic, nicolae_gozag_zags_fifth_avenue, temple_doors_cd,
          gammafunk_ghost_nasty_kobolds, uniq_eustachio
D:5:      layout_rooms, lemuel_crystal_altar, mainiacjoe_overflow_paths,
          uniq_blork_the_orc
Temple:   hellmonk_temple_divided_pantheon

Skill      XL: |  1  2  3  4  5  6  7  8 |
---------------+-------------------------+-----
Spellcasting   | 4 5 6 7 |  7.3
Stealth        | 2 3 |  3.2
Short Blades   | 1 |  1.8
Fighting       | 1 |  1.9
Dodging        | 3 |  3.1

Action                     |  1- 3 |  4- 6 |  7- 9 || total
---------------------------+-------+-------+-------++-------
  Melee: Rapier            |       |    56 |       ||    56
         Punch             |       |     2 |       ||     2
         Dagger            |       |     7 |    35 ||    42
   Cast: Freeze            |    59 |    11 |     4 ||    74
         Summon Ice Beast  |       |     8 |       ||     8
         Frozen Ramparts   |       |     3 |    12 ||    15
         Ozocubu's Armour  |       |     1 |       ||     1
         Scorch            |       |    16 |    20 ||    36
 Invoke: Line Pass         |       |       |     1 ||     1
    Use: Potion            |     4 |       |     2 ||     6
         Scroll            |     3 |     2 |     3 ||     8
   Stab: Paralysed         |       |       |     1 ||     1
         Sleeping          |       |       |     1 ||     1
 Armour: Robe              |    15 |     7 |     1 ||    23
         Skin              |       |       |     2 ||     2
  Dodge: Dodged            |    29 |    31 |    39 ||    99

Table legend: (Time is in decaauts)
 A = Elapsed time spent in this place.
 B = Non-inter-level travel time spent in this place.
 C = Inter-level travel time spent in this place.
 D = Time resting spent in this place.
 E = Time spent auto-exploring this place.
 F = Levels seen in this place.
 G = Mean time per level.
                   A        B        C        D        E       F      G
               +--------+--------+--------+--------+--------+-----+--------+
         Total |   4659 |   3737 |    922 |    648 |   2327 |   6 |  776.5 |
       Dungeon |   4622 |   3723 |    899 |    648 |   2320 |   5 |  924.4 |
        Temple |     36 |     13 |     23 |      0 |      7 |   1 |   36.0 |
               +--------+--------+--------+--------+--------+-----+--------+

Top non-repeatable levels by time:
     D:4: 2038 daAuts
     D:1: 791 daAuts
     D:2: 666 daAuts
     D:3: 638 daAuts
     D:5: 487 daAuts
  Temple: 36 daAuts
